 Dungeon Crawl Stone Soup version 0.21.1-1-g345015f (webtiles) character file.

22519 inc the Nimble (level 12, 0/91 HPs)
             Began as a Felid Fighter on Mar 2, 2018.
             Was an Elder of the Shining One.
             Slain by a fire crab (3 damage)
             ... on level 6 of the Lair of Beasts.
             The game lasted 00:38:59 (23506 turns).

inc the Nimble (Felid Fighter)                     Turns: 23506, Time: 00:39:00

Health: 0/91       AC:  3    Str: 18    XL:     12   Next: 63%
Magic:  0/20       EV: 34    Int: 11    God:    the Shining One [****..]
Gold:   1103       SH: 10    Dex: 18    Spells: 11/11 levels left
                                        Lives:  0   Deaths: 3

rFire    + . .     SeeInvis +     - Unarmed
rCold    + . .     Gourm    .   (shield unavailable)
rNeg     + + .     Faith    .   (armour unavailable)
rPois    .         Spirit   +   (helmet unavailable)
rElec    .         Reflect  .   (cloak unavailable)
rCorr    .         Harm     .   (gloves unavailable)
MR       +....                  (boots unavailable)
Stlth    ..........             v - amulet of guardian spirit
HPRegen  0.25/turn              r - ring of protection from fire
MPRegen  0.17/turn              J - +3 ring of evasion (curse)

@: berserking, divine shield, glowing, very quick
A: very small, no armour, no weapons or thrown items, stealth, claws 1, fangs 3,
see invisible, carnivore, speed 1, shaggy fur 3, slow metabolism 1, sharp paws
a: Divine Shield, Cleansing Flame, Renounce Religion


You were on level 6 of the Lair of Beasts.
You worshipped the Shining One.
The Shining One was greatly pleased with you.
You were full.

You visited 3 branches of the dungeon, and saw 18 of its levels.
You also visited: Volcano.

You collected 1103 gold pieces.

Inventory:

Jewellery
 d - an uncursed ring of ice
 k - an uncursed ring of magical power
 q - an uncursed ring of magical power
 r - a ring of protection from fire (left paw)
 v - an amulet of guardian spirit (around neck)
 A - an uncursed ring of loudness
 I - an uncursed ring of teleportation
 J - a cursed +3 ring of evasion (right paw)
 L - a cursed ring of teleportation
Wands
 m - a wand of enslavement (10)
 t - a wand of iceblast (20)
 C - a wand of flame (69)
 D - a wand of polymorph (26)
 M - a wand of digging (21)
 P - a wand of scattershot (6)
Scrolls
 f - 3 scrolls of teleportation
 g - 2 scrolls of torment {unknown}
 h - 3 scrolls of enchant armour {unknown}
 n - 3 scrolls of fear
 o - 3 scrolls of fog {unknown}
 p - 4 scrolls of remove curse
 u - 2 scrolls of vulnerability {unknown}
 w - 10 scrolls of identify
 x - a scroll of immolation {unknown}
 y - 4 scrolls of enchant weapon {unknown}
 B - a scroll of blinking {unknown}
 G - 2 scrolls of amnesia {unknown}
 O - a scroll of noise {unknown}
Potions
 a - a potion of magic
 c - 2 potions of cancellation
 i - a potion of flight
 j - 3 potions of brilliance
 l - a potion of resistance
 s - 3 potions of haste
 E - 3 potions of agility
 F - 3 potions of curing
 K - 3 potions of mutation {unknown}
 N - a potion of ambrosia {unknown}
Books
 z - a book of Misfortune

   Spells                             Type                      Level
   a - Confusing Touch                Hexes                        1
   b - Confuse                        Hexes                        3
   c - Gell's Gravitas                Translocation                3
   d - Petrify                        Transmutation/Earth          4
   e - Metabolic Englaciation         Hexes/Ice                    5
   f - Yara's Violent Unravelling     Hexes/Transmutation          5
 H - a book of Changes

   Spells                             Type                      Level
   a - Beastly Appendage              Transmutation                1
   b - Sticks to Snakes               Transmutation                2
   c - Spider Form                    Transmutation/Poison         3
   d - Ice Form                       Ice/Transmutation            4
   e - Blade Hands                    Transmutation                5
Comestibles
 b - 33 rations


   Skills:
 + Level 12.1 Fighting
 - Level 14.5 Dodging
 - Level 13.1 Unarmed Combat
 - Level 10.1 Invocations


You had 11 spell levels left.
You didn't know any spells.

Dungeon Overview and Level Annotations

Branches:
Dungeon (11/15)            Temple (1/1) D:5            Lair (6/6) D:11
  Swamp (0/4) Lair:4        Snake (0/4) Lair:4        Slime (0/5) Lair:6
    Orc: D:9-12

Altars:
Ashenzari
Cheibriados
Dithmenos
Elyvilon
Fedhas
Gozag
Hepliaklqana
Kikubaaqudgha
Makhleb
Nemelex Xobeh
Okawaru
Qazlal
Ru
Sif Muna
Trog
Uskayaw
Vehumet
Wu Jian
Xom
Yredelemnul
Zin
The Shining One

Shops:
D:10 %

Annotations:
D:8 Gastronok
D:10 Mirai's ghost, journeyman DsBe
Lair:4 Snorg


Innate Abilities, Weirdness & Mutations

You cannot wear armour.
You are incapable of wielding weapons or throwing items.
Your paws allow you to move quietly. (Stealth)
You have sharp claws.
You have razor-sharp teeth.
You have supernaturally acute eyesight. (SInv)
You are carnivorous and can eat meat at any time.
You cover ground quickly.
Your thick and shaggy fur keeps you warm. (AC +3, rC+)
You have a slow metabolism.
Your sharp claws are effective at attacking unaware monsters.


Message History

You feel yourself moving faster!
You feel mighty! The black mamba bites you!
* * * LOW HITPOINT WARNING * * *
The wyvern bites you!
* * * LOW HITPOINT WARNING * * *
You block the black mamba's attack. You block the komodo dragon's attack.
The fire crab completely misses you.
The fire crab claws you but does no damage.
A molten gargoyle comes into view. It is wielding a mace.
You mangle the black mamba!! You claw the black mamba!
The black mamba is almost dead.
You block the wyvern's attack. The wyvern completely misses you.
The black mamba completely misses you. You block the komodo dragon's attack.
You closely miss the black mamba. Your claw misses the black mamba.
You kill the black mamba!
The wyvern completely misses you. x2; The fire crab bites you!
* * * LOW HITPOINT WARNING * * *
You are engulfed in flames.
You resist.
* * * LOW HITPOINT WARNING * * *
The fire crab claws you.
You die...

......## #### ######
##... ......# .. # #
##.. ....P## ..# 8#8
≈### ≈ #.. ....##
..l####.# ≈§§###≈ #..
....# ........8 #§§≈≈≈§#
##. ..###
........####≈≈≈# ≈≈ #.
.## ........##≈≈≈≈#
≈≈##### ##
......lt†.S§§§### ≈≈8# #
#
..9D..l@#.§.≈##8###≈≈###
..##..l##S§..#..#8#.≈≈##
#≈≈§.#≈≈≈≈≈#.....#.≈≈##
.≈≈..≈≈≈≈§§##........≈≈#
.≈.######≈##.........§≈#
≈≈ #... ##§§§....[....≈≈
# § ... #§≈§........#≈≈
# .. #§§§.......##≈# #
#≈§§......## ≈§


You could see a fire crab, a komodo dragon, a basilisk, a molten gargoyle, a
steam dragon, 2 wyverns and a lava snake.

Vanquished Creatures
  A hydra (Lair:6)
  2 two-headed ogres
  4 death yaks (D:11)
  The ghost of NorthaanB the Cleaver, a novice HOMo (D:6)
  A deep elf mage (D:9)
  Pikel (D:8)
  3 elephants
  Joseph (D:7)
  Maurice (D:10)
  7 black mambas
  3 gargoyles
  A molten gargoyle (Lair:6)
  5 spiny frogs
  3 rime drakes
  5 komodo dragons
  An efreet (Volcano)
  A troll (D:10)
  Prince Ribbit (D:9)
  5 hippogriffs
  4 wyverns
  34 yaks
  2 fire elementals (Volcano)
  3 basilisks
  Eustachio (D:5)
  Grum (D:9)
  A hungry ghost (D:8)
  4 swamp worms (Lair:4)
  2 nagas (Lair:4)
  3 steam dragons
  6 water moccasins
  6 hell hounds (Lair:6)
  5 porcupines
  An orc warrior (D:7)
  2 ice beasts
  3 sky beasts
  2 phantoms
  2 ogres
  14 wolves
  11 centaurs
  12 crocodiles
  A big kobold (D:8)
  10 bullfrogs
  A wyvern skeleton (D:7)
  3 scorpions
  15 killer bees
  10 wights
  An electric eel (Lair:4)
  A bullfrog zombie (D:8)
  4 crimson imps
  11 jellies
  3 orc priests
  9 orc wizards
  4 hounds
  3 bullfrog skeletons
  2 centaur skeletons
  3 iguanas
  14 worker ants
  A killer bee zombie (D:6)
  A hound zombie (D:6)
  A worker ant zombie (D:8)
  10 gnolls
  2 howler monkey skeletons
  5 adders
  5 oozes
  An adder skeleton (D:4)
  An adder zombie (D:5)
  3 worms
  5 dart slugs
  6 leopard geckos
  34 orcs
  2 giant cockroaches
  2 goblins
  7 hobgoblins
  17 jackals
  5 kobolds
  5 quokkas
  2 ball pythons (D:2)
  8 bats
  7 frilled lizards
  A quokka skeleton (D:5)
  7 rats
399 creatures vanquished.

Vanquished Creatures (others)
  A wizard (D:6)
  A worker ant (D:8)
  3 orcs (D:8)
  3 kobolds (D:8)
  A fungus (Lair:4)
9 creatures vanquished.

Grand Total: 408 creatures vanquished

Notes
Turn   | Place    | Note
-------+----------+-------------------------------------------
     0 | D:1      | inc the Felid Fighter began the quest for the Orb.
     0 | D:1      | Reached XP level 1. HP: 10/10 MP: 2/2
   352 | D:1      | Reached XP level 2. HP: 9/14 MP: 3/3
   654 | D:1      | Found a glowing golden altar of the Shining One.
  1077 | D:2      | Reached XP level 3. HP: 15/17 MP: 4/4
  1339 | D:2      | Reached skill level 5 in Dodging
  1422 | D:2      | Reached XP level 4. HP: 11/21 MP: 5/5
  1893 | D:2      | Reached skill level 6 in Dodging
  2469 | D:2      | Reached skill level 7 in Dodging
  2469 | D:2      | Reached XP level 5. HP: 8/24 MP: 6/6
  3680 | D:1      | Became a worshipper of the Shining One
  3997 | D:4      | Reached skill level 5 in Unarmed Combat
  4100 | D:4      | Gained mutation: You are covered in thick fur. (AC +2) [Felid growth]
  4100 | D:4      | Reached XP level 6. HP: 27/28 MP: 7/7
  4108 | D:4      | Found a shattered altar of Ashenzari.
  4609 | D:5      | Entered Level 5 of the Dungeon
  5519 | D:4      | Found an iron altar of Okawaru.
  5540 | D:4      | Reached XP level 7. HP: 21/31 MP: 8/8
  6145 | D:5      | Noticed Eustachio
  6163 | D:5      | Killed Eustachio
  6183 | D:5      | Reached skill level 5 in Fighting
  6609 | D:5      | Reached * piety under the Shining One
  6629 | D:5      | Found a staircase to the Ecumenical Temple.
  6644 | Temple   | Entered the Ecumenical Temple
  7228 | D:6      | Reached XP level 8. HP: 39/39 MP: 9/9
  7479 | D:6      | Noticed NorthaanB's ghost (novice HOMo)
  7507 | D:6      | Killed NorthaanB's ghost
  8116 | D:6      | Reached XP level 9. HP: 28/46 MP: 10/10
  8404 | D:6      | Found a bloodstained altar of Trog.
  8405 | D:6      | Noticed a wizard
  8412 | D:6      | Killed a wizard
  8478 | D:7      | Noticed Joseph
  8478 | D:7      | Reached ** piety under the Shining One
  8631 | D:8      | Reached skill level 10 in Fighting
  8781 | D:8      | Noticed a two-headed ogre
  8785 | D:8      | Noticed Pikel
  8792 | D:8      | Killed a two-headed ogre
  8803 | D:8      | Killed Pikel
  8871 | D:8      | Reached skill level 1 in Invocations
  9245 | D:7      | Found a blossoming altar of Fedhas.
  9385 | D:7      | Found a white marble altar of Elyvilon.
  9386 | D:7      | Found an ornate altar of the Wu Jian Council.
  9387 | D:7      | Found a radiant altar of Vehumet.
  9387 | D:7      | Found a shadowy altar of Dithmenos.
  9388 | D:7      | Found a hide-covered altar of Uskayaw.
  9389 | D:7      | Found a hazy altar of Hepliaklqana.
  9391 | D:7      | Found a sacrificial altar of Ru.
  9891 | D:7      | Reached XP level 10. HP: 31/53 MP: 13/13
  9920 | D:7      | HP: 2/53 [poisoned by a killer bee]
  9928 | D:7      | HP: 2/53 [poisoned by a killer bee]
 10288 | D:7      | Killed Joseph
 10476 | D:7      | Found an opulent altar of Gozag.
 11492 | D:9      | Noticed a deep elf mage
 12071 | D:8      | Found a snail-covered altar of Cheibriados.
 12196 | D:8      | Noticed Gastronok
 12592 | D:9      | Noticed Prince Ribbit
 12931 | D:9      | Slain by Prince Ribbit
 12932 | D:9      | Reached XP level 9. HP: -1/49 MP: 22/22
 13117 | D:9      | Killed a deep elf mage
 13117 | D:9      | Reached skill level 10 in Unarmed Combat
 13243 | D:9      | Reached XP level 10. HP: 31/53 MP: 14/14
 13510 | D:9      | Killed Prince Ribbit
 13627 | D:10     | Entered Level 10 of the Dungeon
 13683 | D:10     | HP: 3/79 [poisoned by a killer bee]
 13684 | D:10     | HP: 1/79 [poisoned by a killer bee]
 13685 | D:10     | Succumbed to a killer bee's poison
 13686 | D:10     | Reached XP level 9. HP: 0/73 MP: 22/22
 13723 | D:10     | Noticed Mirai's ghost (journeyman DsBe)
 13737 | D:10     | HP: 1/49 [Mirai's ghost (21)]
 14092 | D:10     | Found Toduil's Food Emporium.
 14116 | D:11     | Noticed Maurice
 14436 | D:10     | Reached skill level 8 in Dodging
 14470 | D:10     | Noticed Grum
 14471 | D:10     | Reached *** piety under the Shining One
 14795 | D:9      | Killed Grum
 14916 | D:10     | Noticed a troll
 14923 | D:10     | Killed a troll
 14923 | D:10     | Reached skill level 9 in Dodging
 15192 | D:10     | Noticed a gargoyle
 15200 | D:10     | Killed a gargoyle
 15226 | D:10     | Reached XP level 10. HP: 36/53 MP: 14/14
 15552 | D:10     | Reached skill level 10 in Dodging
 15632 | D:10     | Noticed a gargoyle
 15648 | D:10     | Killed a gargoyle
 15931 | D:11     | Noticed a death yak
 15935 | D:11     | Found a staircase to the Lair.
 15936 | D:11     | Noticed a death yak
 15936 | D:11     | Noticed a death yak
 15947 | D:11     | Noticed a death yak
 15951 | D:11     | Noticed a two-headed ogre
 15998 | D:10     | Killed Maurice
 15998 | D:10     | Reached skill level 11 in Dodging
 16370 | D:11     | Noticed a death yak
 16812 | D:11     | Killed a death yak
 16812 | D:11     | Reached skill level 12 in Dodging
 16818 | D:11     | Killed a death yak
 16826 | D:11     | Killed a two-headed ogre
 16826 | D:11     | Reached skill level 13 in Dodging
 16826 | D:11     | Reached XP level 11. HP: 27/57 MP: 7/15
 16835 | D:11     | Killed a death yak
 16846 | D:11     | Killed a death yak
 16846 | D:11     | Reached skill level 14 in Dodging
 17070 | Lair:1   | Entered Level 1 of the Lair of Beasts
 17288 | Lair:1   | Slain by a komodo dragon
 17289 | Lair:1   | Reached XP level 10. HP: -2/53 MP: 0/23
 18903 | Lair:3   | Noticed a spiny frog
 18909 | Lair:3   | Killed a spiny frog
 18943 | Lair:4   | Reached XP level 11. HP: 54/57 MP: 15/15
 19533 | Lair:4   | Reached **** piety under the Shining One
 19728 | Lair:4   | Found a staircase to the Snake Pit.
 20159 | Lair:4   | Found a staircase to the Swamp.
 20369 | Lair:4   | Noticed Snorg
 20791 | Lair:5   | Reached skill level 5 in Invocations
 21423 | Lair:6   | Entered Level 6 of the Lair of Beasts
 21444 | Lair:6   | Found a staircase to the Slime Pits.
 21918 | Lair:6   | Found a dark tunnel.
 21933 | Lair:6   | Gained mutation: Your thick and shaggy fur keeps you warm. (AC +3, rC+) [Felid growth]
 21933 | Lair:6   | Reached XP level 12. HP: 33/61 MP: 18/18
 21957 | Volcano  | Entered a volcano
 22926 | Lair:6   | Noticed an eight-headed hydra
 22932 | Lair:6   | Killed an eight-headed hydra
 23289 | Lair:6   | Reached skill level 10 in Invocations
 23506 | Lair:6   | HP: 3/91 [fire crab (3)]
 23506 | Lair:6   | Slain by a fire crab

Skill      XL: |  1  2  3  4  5  6  7  8  9 10 11 12 |
---------------+-------------------------------------+-----
Dodging        | 5 7 9 13 14 | 14.5
Unarmed Combat | 5 6 10 11 13 | 13.1
Fighting       | 6 9 12 | 12.1
Invocations    | 3 4 7 10 | 10.1

Action                   |  1- 3 |  4- 6 |  7- 9 | 10-12 || total
-------------------------+-------+-------+-------+-------++-------
Melee: Unarmed           |    59 |   230 |   369 |  1011 ||  1669
       Bite              |     6 |    23 |    48 |   126 ||   203
       Punch             |     1 |     9 |    13 |    66 ||    89
Invok: Divine Shield     |       |       |     4 |    12 ||    16
  Use: Scroll            |       |     4 |     9 |     2 ||    15
       Potion            |       |     1 |     8 |    13 ||    22
 Stab: Sleeping          |     5 |     1 |       |       ||     6
       Distracted        |       |     1 |       |       ||     1
  Eat: Chunk             |       |    12 |    22 |    35 ||    69
Armor: Skin              |     1 |     4 |    10 |    37 ||    52
Dodge: Dodged            |    48 |   177 |   334 |   906 ||  1465
Block: Other             |       |       |    17 |    80 ||    97
